 Dungeon Crawl Stone Soup version 0.29-a0-271-gd4eb659eea (webtiles) character file.

Game seed: 12658840121212311839

4848 Ajdolov the Cleaver (level 10, -11/92 HPs)
             Began as a Hill Orc Fighter on Mar 8, 2022.
             Was a Believer of Uskayaw.
             Mangled by a two-headed ogre
             ... wielding a +0 giant club
              (16 damage)
             ... on level 9 of the Dungeon.
             The game lasted 00:15:56 (10730 turns).

Ajdolov the Cleaver (Hill Orc Fighter)             Turns: 10730, Time: 00:15:57

Health: -11/92     AC: 13    Str: 24    XL:     10   Next: 49%
Magic:  18/18      EV:  6    Int:  8    God:    Uskayaw [**....]
Gold:   889        SH:  0    Dex: 16    Spells: 9/9 levels left

rFire   . . .      SeeInvis .   B - +3 battleaxe (freeze)
rCold   . . .      Faith    .   (shield currently unavailable)
rNeg    . . .      Spirit   .   G - +0 plate armour
rPois   .          Reflect  .   (no helmet)
rElec   .          Harm     .   A - +0 cloak
rCorr   .          Rampage  .   p - +0 pair of gloves
Will    .....                   (no boots)
Stlth   ..........              D - amulet of the acrobat
HPRegen 0.25/turn               w - +6 ring of dexterity
MPRegen 0.16/turn               E - ring of flight

@: flying
A: no striking features
a: Renounce Religion, Stomp, Line Pass


You were on level 9 of the Dungeon.
You worshipped Uskayaw.
Uskayaw was aware of your devotion.
You visited 2 branches of the dungeon, and saw 10 of its levels.

You collected 889 gold pieces.

Inventory:

Hand Weapons
 a - a +0 war axe
 B - a +3 battleaxe of freezing (weapon)
Missiles
 H - a curare-tipped dart (quivered)
Armour
 c - a +0 buckler
 p - a +0 pair of gloves (worn)
 A - a +0 cloak (worn)
 G - a +0 plate armour (worn)
Jewellery
 w - a +6 ring of dexterity (left hand)
 D - an amulet of the acrobat (around neck)
 E - a ring of flight (right hand)
Wands
 r - a wand of flame (9)
 F - a wand of polymorph (6)
Scrolls
 b - a scroll of vulnerability
 f - a scroll of immolation
 m - 3 scrolls of teleportation
 o - 3 scrolls of fear
 q - 3 scrolls of blinking
 s - 2 scrolls of fog
 t - 2 scrolls of amnesia
 C - a scroll of torment
Potions
 d - 2 potions of might
 e - 2 potions of heal wounds
 g - 3 potions of curing
 h - a potion of berserk rage {unknown}
 i - 3 potions of flight {unknown}
 k - a potion of ambrosia {unknown}
 n - 3 potions of haste {unknown}
 u - 2 potions of brilliance {unknown}
 v - a potion of degeneration {unknown}
 x - a potion of magic {unknown}
 z - 2 potions of attraction {unknown}


   Skills:
 + Level 9.7 Fighting
 + Level 13.3 Axes
 - Level 3.2 Armour
 - Level 3.2 Shields
 * Level 10.9 Invocations


You had 9 spell levels left.
You didn't know any spells.
Your spell library contained the following spells:

 Spells                   Type           Power      Damage    Failure   Level
 Static Discharge         Conj/Air       0%         N/A       100%        2
 Confusing Touch          Hex            0%         N/A       100%        3
 Frozen Ramparts          Ice            0%         1d2       100%        3
 Gell's Gravitas          Tloc           0%         N/A       100%        3
 Lesser Beckoning         Tloc           0%         N/A       100%        3
 Teleport Other           Tloc           0%         N/A       100%        3
 Dispel Undead            Necr           0%         3d6       100%        4
 Ice Form                 Ice/Tmut       0%         N/A       100%        4
 Petrify                  Tmut/Erth      0%         N/A       100%        4
 Sticky Flame             Conj/Fire      0%         2d3       100%        4
 Summon Ice Beast         Ice/Summ       0%         N/A       100%        4
 Lightning Bolt           Conj/Air       0%         1d11      100%        5
 Metabolic Englaciation   Hex/Ice        0%         N/A       100%        5
 Yara's Violent Unravell  Hex/Tmut       0%         3d3       100%        5
 Statue Form              Tmut/Erth      0%         N/A       100%        6
 Enfeeble                 Hex            0%         N/A       100%        7
 Maxwell's Capacitive Co  Air            0%         ∞         100%        8


Dungeon Overview and Level Annotations

Branches:
Dungeon (9/15)             Temple (1/1) D:5
   Lair: D:8-11         Orc: D:9-12

Altars:
Ashenzari
Dithmenos
Elyvilon
Fedhas
Hepliaklqana
Makhleb
Nemelex Xobeh
Okawaru
Ru
Sif Muna
Trog
Uskayaw
Vehumet
Wu Jian
Xom
Zin
The Shining One

Annotations:
D:1 1 runed translucent door
D:6 1 runed translucent door, Thantalas's ghost, novice GnCA


Message History

It was a scroll of magic mapping.
This is a scroll of acquirement!
Something appears at your feet!
You now have 879 gold pieces (gained 308).
Okay, then.
As you read the scroll labelled ARUISU DONG, it crumbles to dust.
You speak a Word of immense power!
It was a scroll of holy word.
Done exploring.
Done exploring.
You fly downwards.
There is a stone staircase leading up here.
You start waiting.
You feel your willpower return.
You now have 889 gold pieces (gained 10). 2 gnolls come into view.
The gnoll shouts!
A two-headed ogre comes into view. It is wielding two +0 giant clubs.
A gnoll comes into view. It is wielding a +0 spear.
A gnoll shaman comes into view. It is wielding a +0 whip.
The two-headed ogre shouts in stereo!
You hear a shout!
There is a stone staircase leading up here.
Press: ? - help, v - describe, . - travel
Here: a two-headed ogre, wielding two +0 giant clubs The floor.
You hit the two-headed ogre. You freeze the two-headed ogre.
The two-headed ogre is lightly wounded.
The two-headed ogre hits you with a +0 giant club!!
The two-headed ogre hits you but does no damage.
You slash the two-headed ogre! You freeze the two-headed ogre.
The two-headed ogre is moderately wounded.
You can now pass through a line of other dancers.
You hit the two-headed ogre but do no damage.
The two-headed ogre is moderately wounded.
The two-headed ogre hits you with a +0 giant club!!
The two-headed ogre hits you with a +0 giant club!
* * * LOW HITPOINT WARNING * * *
The two-headed ogre hits you with a +0 giant club!!
* * * LOW HITPOINT WARNING * * *
The two-headed ogre hits you with a +0 giant club!
You die...

##.. ...#
........
..#.....
..#..... . ####
#..... ##. ...
#... #.. ..##
##.# #.# ..#
#.@# ##.# #.#
##O## #..#
#.####gg# #..#
##.g....### .
#..##
##.g####...#...
....###..##
#.........
.##.....##
##..####...
######..##
#..## .. #
##..###..#


You could see a two-headed ogre and 2 gnolls.

Vanquished Creatures
  A two-headed ogre (D:8)
  5 yaks
  Sigmund (D:2)
  A wraith (D:7)
  2 steam dragons
  2 orc warriors (D:6)
  2 ice beasts
  2 sky beasts
  2 black bears (D:6)
  3 centaurs
  A kobold brigand (D:8)
  A necrophage (D:7)
  8 bullfrogs
  A gnoll sergeant (D:7)
  2 scorpions (D:6)
  5 wights (D:8)
  2 killer bees (D:8)
  2 howler monkeys
  3 orc priests (D:7)
  3 hounds
  7 iguanas
  7 orc wizards
  5 gnolls
  8 adders
  A shadow imp (D:8)
  3 white imps
  3 ufetubi
  3 dart slugs
  32 orcs
  6 ball pythons
  5 endoplasms
  5 giant cockroaches
  5 goblins
  4 hobgoblins
  15 kobolds
  4 quokkas
  2 bats (D:1)
  3 frilled lizards
  3 rats
170 creatures vanquished.

Vanquished Creatures (others)
  8 plants (D:2)
8 creatures vanquished.

Grand Total: 178 creatures vanquished

Notes
Turn   | Place    | Note
-------+----------+-------------------------------------------
     0 | D:1      | Ajdolov the Hill Orc Fighter began the quest for the Orb.
     0 | D:1      | Reached XP level 1. HP: 19/19 MP: 1/1
     0 | D:1      | Noticed a jelly
     0 | D:1      | Noticed a jelly
     1 | D:1      | Found a runed translucent door.
     2 | D:1      | Noticed a jelly
     3 | D:1      | Noticed a jelly
    43 | D:1      | Reached skill level 3 in Axes
   114 | D:1      | Reached XP level 2. HP: 20/27 MP: 2/2
   351 | D:1      | Found a faded altar of an unknown god.
  1093 | D:2      | Noticed Sigmund
  1110 | D:2      | Killed Sigmund
  1111 | D:2      | Reached skill level 5 in Fighting
  1111 | D:2      | Reached skill level 6 in Axes
  1111 | D:2      | Reached XP level 3. HP: 26/36 MP: 3/3
  1111 | D:2      | Reached XP level 4. HP: 30/42 MP: 4/4
  1111 | D:2      | Reached XP level 5. HP: 34/48 MP: 5/5
  2423 | D:3      | Reached XP level 6. HP: 46/56 MP: 6/6
  2643 | D:3      | Reached skill level 7 in Axes
  3265 | D:4      | Found a sparkling altar of Nemelex Xobeh.
  3749 | D:4      | Found a bloodstained altar of Trog.
  3855 | D:4      | Found a shadowy altar of Dithmenos.
  4180 | D:5      | Entered Level 5 of the Dungeon
  4244 | D:5      | Reached skill level 8 in Axes
  4244 | D:5      | Reached XP level 7. HP: 62/63 MP: 7/7
  4273 | D:5      | Found a staircase to the Ecumenical Temple.
  4300 | Temple   | Entered the Ecumenical Temple
  4391 | Temple   | Became a worshipper of Uskayaw the Reveller
  4421 | D:5      | Reached * piety under Uskayaw
  4473 | D:5      | Reached ** piety under Uskayaw
  4476 | D:5      | Reached *** piety under Uskayaw
  4477 | D:5      | Reached skill level 1 in Invocations
  4945 | D:5      | Found a glowing silver altar of Zin.
  5265 | D:6      | Reached skill level 9 in Axes
  5393 | D:6      | Noticed a yak
  5492 | D:6      | Identified the +6 whip of the Final Portals {drain, +Blink
                  | rC- rCorr}
  5506 | D:6      | Reached XP level 8. HP: 49/71 MP: 8/10
  5667 | D:6      | Noticed a yak
  5856 | D:7      | Reached skill level 10 in Axes
  6285 | D:7      | Reached skill level 5 in Invocations
  6490 | D:7      | Noticed a wraith
  6511 | D:7      | Killed a wraith
  6814 | D:7      | Reached skill level 11 in Axes
  6814 | D:7      | Reached XP level 9. HP: 61/80 MP: 13/13
  7638 | D:6      | Reached skill level 12 in Axes
  8020 | D:6      | Reached **** piety under Uskayaw
  8023 | D:6      | Reached ***** piety under Uskayaw
  8143 | D:6      | Found a runed translucent door.
  8143 | D:6      | Noticed Thantalas's ghost (novice GnCA)
  8378 | D:7      | Identified the +2 robe of Eqergh {rF+ Str-3 Slay+5}
  8872 | D:7      | Reached XP level 10. HP: 86/90 MP: 16/16
  9601 | D:8      | Found a sparkling altar of Nemelex Xobeh.
  9604 | D:8      | Noticed a two-headed ogre
  9723 | D:8      | Found a glowing golden altar of the Shining One.
  9789 | D:8      | Found a bloodstained altar of Trog.
 10064 | D:8      | Reached skill level 10 in Invocations
 10065 | D:8      | Reached skill level 13 in Axes
 10100 | D:8      | Killed a two-headed ogre
 10629 | D:8      | Identified a scroll of acquirement
 10629 | D:8      | Acquired 308 gold pieces
 10700 | D:9      | Noticed a two-headed ogre
 10730 | D:9      | Mangled by a two-headed ogre

Illustrated notes

Levels and vault maps discovered:
D:1:      dpeg_arrival_caged_fury, layout_rooms, ebering_ecumenical_altar_ruins,
          hangedman_abyss_or_decor_stabs, minmay_tromino_v4_c
D:2:      layout_basic, lexackson_kobold_supper, uniq_sigmund
D:3:      layout_rooms, minmay_randomly_rotated_circles
D:4:      layout_loops_ring, nicolae_overflow_crystal_walls,
          trog_three_pillars_becter, nicolae_dithmenos_through_a_glass_darkly
D:5:      layout_loops_cross, zin_academy, minmay_temple_entry_hall
D:6:      minmay_inner_zag, layout_basic, ebering_ghost_inner_flame
D:7:      layout_loops_ring
D:8:      minmay_recursive_quarters, layout_rooms, mainiacjoe_overflow_paths,
          hangedman_feature_mirror, nicolae_stop_n_shop_1
D:9:      layout_layer_cave, serial_bayou, serial_bayou_pond_d,
          serial_bayou_lagoon_a, serial_bayou_pond_d, serial_bayou_pond_d,
          serial_bayou_ford_a
Temple:   eino_temple_rhombus

Skill      XL: |  1  2  3  4  5  6  7  8  9 10 |
---------------+-------------------------------+-----
Axes           | 3 6 8 9 11 12 13 | 13.3
Fighting       | 5 6 7 8 9 |  9.7
Invocations    | 3 6 9 10 | 10.9
Armour         | |  3.2
Shields        | |  3.2

Action                   |  1- 3 |  4- 6 |  7- 9 | 10-12 || total
-------------------------+-------+-------+-------+-------++-------
Melee: War axe           |    53 |   171 |   327 |    47 ||   598
       Battleaxe         |       |       |       |    31 ||    31
Evoke: Wand              |       |       |     3 |     3 ||     6
  Use: Potion            |       |     1 |       |       ||     1
       Scroll            |       |       |       |    10 ||    10
 Stab: Paralysed         |       |       |     8 |     4 ||    12
Armor: Scale mail        |    27 |    60 |   103 |       ||   190
       Chain mail        |       |       |    44 |     6 ||    50
       Plate armour      |       |       |       |    24 ||    24
Dodge: Dodged            |    28 |    62 |   138 |    20 ||   248
Block: Buckler           |     6 |    33 |    64 |     7 ||   110

Table legend: (Time is in decaauts)
 A = Elapsed time spent in this place.
 B = Non-inter-level travel time spent in this place.
 C = Inter-level travel time spent in this place.
 D = Time resting spent in this place.
 E = Time spent auto-exploring this place.
 F = Levels seen in this place.
 G = Mean time per level.
                   A        B        C        D        E       F      G
               +--------+--------+--------+--------+--------+-----+--------+
         Total |  10806 |  10365 |    441 |   2665 |   5857 |  10 | 1080.6 |
       Dungeon |  10704 |  10273 |    431 |   2665 |   5787 |   9 | 1189.3 |
        Temple |    102 |     92 |     10 |      0 |     70 |   1 |  102.0 |
               +--------+--------+--------+--------+--------+-----+--------+

Top non-repeatable levels by time:
     D:6: 2339 daAuts
     D:7: 2124 daAuts
     D:2: 1268 daAuts
     D:3: 1253 daAuts
     D:8: 975 daAuts
     D:4: 956 daAuts
     D:5: 934 daAuts
     D:1: 754 daAuts
  Temple: 102 daAuts
     D:9: 96 daAuts
